 Dungeon Crawl Stone Soup version 0.24.0-13-gcf9b319 (webtiles) character file.

Game seed: 7946897103680053726, levelgen mode: deterministic

3121 curiousnu the Spear-Bearer (level 9, -14/82 HPs)
             Began as a Minotaur Berserker on Nov 9, 2019.
             Was an Elder of Trog.
             Demolished by an ogre
             ... wielding a +0 giant spiked club
              (23 damage)
             ... on level 8 of the Dungeon.
             The game lasted 00:28:42 (7699 turns).

curiousnu the Spear-Bearer (Minotaur Berserker)     Turns: 7699, Time: 00:28:45

Health: -14/82     AC: 10    Str: 30    XL:     9   Next: 60%
Magic:  8/8        EV: 11    Int:  4    God:    Trog [****..]
Gold:   461        SH:  0    Dex: 10    Spells: 8/8 levels left

rFire    . . .     SeeInvis .   y - +3 scythe (flame)
rCold    . . .     Gourm    .   (shield currently unavailable)
rNeg     . . .     Faith    .   B - +1 scale mail (curse)
rPois    +         Spirit   .   (helmet restricted)
rElec    .         Reflect  .   o - +0 cloak
rCorr    .         Harm     .   (no gloves)
MR       ++...                  (no boots)
Stlth    +.........             (no amulet)
HPRegen  1.23/turn              C - ring of poison resistance
MPRegen  0.11/turn              j - ring of stealth

@: mighty, regenerating, hasted, very quick
A: retaliatory headbutt, horns 2
a: Berserk, Trog's Hand, Brothers in Arms, Renounce Religion


You were on level 8 of the Dungeon.
You worshipped Trog.
Trog was greatly pleased with you.
You were very hungry.

You visited 1 branch of the dungeon, and saw 8 of its levels.
You also visited: Sewer.

You collected 461 gold pieces.

Inventory:

Hand Weapons
 a - a +0 hand axe
 y - a +3 scythe of flaming (weapon)
 A - a +2 mace of venom
Missiles
 u - 36 poisoned darts (quivered)
 x - 6 boomerangs
Armour
 o - a +0 cloak (worn)
 B - a cursed +1 scale mail (worn)
Jewellery
 b - an uncursed ring of resist corrosion {unknown}
 j - a ring of stealth (right hand)
 C - a ring of poison resistance (left hand)
 G - a +2 ring of strength {unknown}
Wands
 E - a wand of disintegration (27)
Scrolls
 f - 8 scrolls of teleportation
 h - 2 scrolls of remove curse
 l - a scroll of blinking
 r - a scroll of brand weapon {unknown}
 v - a scroll of random uselessness {unknown}
 w - a scroll of amnesia {unknown}
 H - a scroll of immolation {unknown}
Potions
 d - 2 potions of mutation
 e - a potion of brilliance {unknown}
 g - a potion of resistance {unknown}
 i - 2 potions of flight {unknown}
 k - 6 potions of haste
 m - a potion of degeneration {unknown}
 n - 4 potions of might
 p - a potion of berserk rage {unknown}
 q - 3 potions of curing
 s - a potion of magic {unknown}
 t - a potion of cancellation {unknown}
 z - a potion of heal wounds {unknown}
 D - 2 potions of agility {unknown}
Comestibles
 c - 11 rations


   Skills:
 + Level 8.6 Fighting
 + Level 7.6(10.0) Axes
 + Level 10.2(11.1) Polearms
 + Level 2.4 Throwing
 + Level 6.6 Armour
 - Level 2.1 Dodging


You had 8 spell levels left.
You didn't know any spells.
Your spell library was empty.

Dungeon Overview and Level Annotations

Branches:
Dungeon (8/15)             Temple (0/1) D:4           Sewer (visited)
   Lair: D:8-11

Altars:
Ashenzari
Cheibriados
Elyvilon
Hepliaklqana
Kikubaaqudgha
Nemelex Xobeh
Okawaru
Qazlal
Vehumet
Xom
Yredelemnul
Zin


Innate Abilities, Weirdness & Mutations

You reflexively headbutt those who attack you in melee.
You have a pair of horns on your head.


Message History

You feel a bit more experienced. Something hits you but does no damage.
Deactivating autopickup; reactivate with Ctrl-A.
You slash the quokka! You burn the quokka.
You kill the quokka!
Trog accepts your kill. Something hits you but does no damage.
The gnoll barely misses you.
Throwing (i - inventory. (/) - cycle)
u - 37 poisoned darts (quivered)
Press: ? - help, Shift-Dir - straight line, f - ogre
Aim: an ogre, wielding a +0 giant spiked club You throw a poisoned dart.
The poisoned dart closely misses the ogre.
Something hits you but does no damage.
You slash the ogre! You burn the ogre. Your headbutt misses the ogre.
The ogre is heavily wounded.
The gnoll hits you from afar with a +0 halberd!
* * * LOW HITPOINT WARNING * * *
Something hits you.
* * * LOW HITPOINT WARNING * * *
The ogre hits you with a +0 giant spiked club!!
You die...

### ##.# . ##..######
####.. #
###........##.....
####...........#..#
.........#......# .
......####......## ...
.....###....#.$.(##.....
.....##....###..@)...(#
...#..#......)..#O.....#
..###........#####g..(##
...# ........ ##.(#
#..##.....#. ....
....#.....#.. ...
....(........ ..
....<.##.>.....#.
....#####..##....


You could see an ogre and a gnoll.

Vanquished Creatures
  Grinder (D:4)
  Sigmund (D:3)
  A spriggan (D:7)
  An acid dragon (D:8)
  Edmund (D:5)
  2 sky beasts
  2 phantoms
  3 ogres
  2 centaurs (D:8)
  4 bullfrogs
  2 wyvern skeletons (D:7)
  2 scorpions
  A howler monkey (D:7)
  4 crimson imps
  2 bullfrog zombies (D:7)
  4 hounds
  2 quasits (D:6)
  A gnoll shaman (D:8)
  3 orc priests
  5 orc wizards
  Ijyb (D:4)
  4 worker ants
  A killer bee zombie (D:8)
  A hound zombie (D:6)
  A hound skeleton (D:2)
  3 gnolls (D:8)
  A river rat (D:3)
  13 adders
  A shadow imp (D:6)
  An ooze (D:7)
  An adder zombie (D:7)
  An adder skeleton (D:7)
  4 worms
  2 dart slugs
  6 leopard geckos
  16 orcs
  10 ball pythons
  A bat zombie (D:6)
  5 giant cockroaches
  3 goblins (D:1)
  7 hobgoblins
  13 jackals
  13 kobolds
  7 quokkas
  8 bats
  6 frilled lizards
  A jackal zombie (D:7)
  A leopard gecko skeleton (D:5)
  A quokka skeleton (D:6)
  9 rats
  3 rat zombies (D:6)
  A spectral orc (D:6)
  2 plants (Sewer)
192 creatures vanquished.

Notes
Turn   | Place    | Note
-------+----------+-------------------------------------------
     0 | D:1      | curiousnu the Minotaur Berserker began the quest for the
                  | Orb.
     0 | D:1      | Reached XP level 1. HP: 19/19 MP: 0/0
   149 | D:1      | Reached XP level 2. HP: 23/27 MP: 1/1
   679 | D:1      | Reached ** piety under Trog
   886 | D:1      | Reached XP level 3. HP: 33/34 MP: 2/2
  1162 | D:2      | Reached skill level 5 in Axes
  1162 | D:2      | Reached XP level 4. HP: 35/41 MP: 3/3
  1194 | D:2      | Found an iron altar of Okawaru.
  1394 | D:2      | Found a sparkling altar of Nemelex Xobeh.
  1554 | D:2      | Found a radiant altar of Vehumet.
  1611 | D:3      | Noticed Sigmund
  1899 | D:3      | Reached skill level 5 in Fighting
  1948 | D:3      | Found a glowing drain.
  1977 | Sewer    | Entered a sewer
  2114 | Sewer    | Reached XP level 5. HP: 41/48 MP: 4/4
  3032 | D:3      | Killed Sigmund
  3032 | D:3      | Reached XP level 6. HP: 26/57 MP: 5/5
  3172 | D:3      | Found a glowing silver altar of Zin.
  3653 | D:3      | Found a stormy altar of Qazlal.
  3901 | D:4      | Noticed Grinder
  3909 | D:4      | Killed Grinder
  3909 | D:4      | Reached *** piety under Trog
  3909 | D:4      | Reached skill level 2 in Polearms
  3909 | D:4      | Reached skill level 1 in Throwing
  3909 | D:4      | Reached XP level 7. HP: 21/64 MP: 6/6
  4446 | D:4      | Noticed Ijyb
  4458 | D:4      | Killed Ijyb
  4458 | D:4      | Reached skill level 3 in Polearms
  4492 | D:4      | Found a staircase to the Ecumenical Temple.
  4730 | D:4      | Reached skill level 4 in Polearms
  5177 | D:5      | Entered Level 5 of the Dungeon
  5285 | D:5      | Noticed Edmund
  5295 | D:5      | Killed Edmund
  5295 | D:5      | Reached XP level 8. HP: 59/73 MP: 7/7
  5310 | D:5      | Reached skill level 5 in Polearms
  5717 | D:5      | Found a snail-covered altar of Cheibriados.
  5910 | D:6      | Reached skill level 5 in Armour
  6001 | D:6      | Found an ancient bone altar of Kikubaaqudgha.
  6030 | D:6      | Found a shattered altar of Ashenzari.
  6060 | D:6      | Reached skill level 6 in Polearms
  6292 | D:7      | Reached skill level 7 in Polearms
  6419 | D:6      | Found a basalt altar of Yredelemnul.
  6518 | D:6      | Reached **** piety under Trog
  6699 | D:7      | Found a white marble altar of Elyvilon.
  6705 | D:7      | Reached skill level 8 in Polearms
  6705 | D:7      | Reached XP level 9. HP: 78/81 MP: 8/8
  6723 | D:7      | Found a shattered altar of Ashenzari.
  6901 | D:7      | Reached skill level 9 in Polearms
  6912 | D:7      | Found a shimmering altar of Xom.
  7055 | D:7      | Found a hazy altar of Hepliaklqana.
  7683 | D:8      | Reached skill level 10 in Polearms
  7699 | D:8      | Demolished by an ogre

Levels and vault maps discovered:
D:1:      dpeg_chamrin_arrival_tetris, layout_basic, minmay_pentomino_r4
D:2:      layout_loops_cross, lemuel_doored_altar, old_standard_altar,
          nicolae_overflow_hidden_temple
D:3:      layout_loops_ring, zin_scriptorium, marbit_many_paths,
          portal_sewer_entry_b, first_ration, minivault_25,
          kennysheep_generic_room_16, uniq_sigmund
D:4:      layout_basic, minmay_temple_entry_grid, uniq_ijyb, uniq_grinder
D:5:      layout_cave_pools, kennysheep_mini, grunt_ministairs_6, uniq_edmund
D:6:      layout_loops_ring, lemuel_zombie_altar_kikubaaqudgha,
          yredelemnul_forgotten_temple_becter, basic_altar, serial_glass,
          glass_columns_a, glass_columns_a
D:7:      layout_cave_pools, overflow_temple_1_default, elyvilon_altar_5,
          evilmike_ruin_ashenzari, lemuel_crystal_altar, the_bakery
D:8:      layout_cave_pools, grunt_dithmenos_shadows

Skill      XL: |  1  2  3  4  5  6  7  8  9 |
---------------+----------------------------+-----
Axes           | 4 5 6 7 |  7.6
Fighting       | 4 5 6 7 8 |  8.6
Polearms       | 2 4 8 10 | 10.2
Throwing       | 1 2 |  2.4
Armour         | 4 5 6 |  6.6
Dodging        | |  2.1

Action                   |  1- 3 |  4- 6 |  7- 9 || total
-------------------------+-------+-------+-------++-------
Melee: Hand axe          |    73 |   119 |       ||   192
       Headbutt          |    12 |    25 |    28 ||    65
       Scythe            |       |    25 |   209 ||   234
Throw: Dart              |       |     6 |     3 ||     9
       Boomerang         |       |     1 |    18 ||    19
       Javelin           |       |       |     6 ||     6
Invok: Trog's Hand       |       |     2 |     2 ||     4
       Berserk           |       |     1 |     1 ||     2
  Use: Scroll            |       |     2 |     9 ||    11
       Potion            |       |       |     2 ||     2
 Stab: Sleeping          |     1 |     1 |       ||     2
  Eat: Chunk             |     1 |    11 |     9 ||    21
       Ration            |       |       |     1 ||     1
Armor: Animal skin       |    15 |    17 |       ||    32
       Scale mail        |       |       |   142 ||   142
Dodge: Dodged            |    60 |    73 |   168 ||   301
